woodfighter, neutral female human Healer -------- |.......# |...<..|`## |......| # |......|# ######################` ------ |......|# ------------- -....| -.-.-.--# # .`.........`| |....| ##### # # |.....`.....| +*u.@| # ############ ### |...-----...| |..M.| # ## # --|-- # |...|.{.|...| |..^.| -.--+-- ## |....##%##########-..`|{.{|`..| ##-.%... |......#### |...| # |...|.{.|...|# # ------ |.....| |.*..## |...-.---...|#### |.....| ----- |.....`.....|# |.....| |`.........`.# ------- ------------- woodfighter the Empiric Experience level: 5 Strength: 10 Dexterity: 9 Constitution: 16 Intelligence: 11 Wisdom: 16 Charisma: 16 Health: 0(42) Energy: 4(31) Def: 2 Gold: 3077 Moves: 3267 Dungeon seed: rdJ6Hu10GyPhfwsY Game ID: woodfighter_1505338183 Your Inventory: Coins $ - 3077 gold pieces Weapons a - a +0 scalpel (weapon in hand) B - 31 +0 darts (in quiver) C - a blessed +1 dart Armor e - an uncursed +1 pair of leather gloves (being worn) n - a cursed -3 pair of levitation boots Comestibles h - 2 uncursed tripe rations l - 2 blessed sprigs of wolfsbane m - 2 blessed cloves of garlic o - an uncursed tin of giant ant meat v - an uncursed lembas wafer Scrolls t - an uncursed scroll of identify y - an uncursed scroll of water Potions r - 2 uncursed potions of water u - 2 uncursed potions of sickness w - an uncursed potion of see invisible z - an uncursed potion of hallucination A - a cursed potion of hallucination D - a blessed potion of sleeping F - a blessed potion of booze L - a cursed potion of sleeping M - a cursed potion of polymorph Wands g - a wand of sleep (0:2) s - a wand of light (0:13) E - a wand of fire (0:8) O - a cursed wand of enlightenment (0:15) P - a cursed wand of sleep (0:6) Tools b - an uncursed stethoscope i - an uncursed brass lantern (0:1238) p - 7 uncursed tallow candles (0:200) Gems q - an uncursed flint Spells and supernatural/magical abilities: Name Level Category Fail Memory h - healing 1 healing 0% 84% x - extra healing 3 healing 20% 84% S - stone to flesh 3 healing 35% 84% W - pray for help -- divine ? -- Your skills at the end: Miscellaneous Skills wands [Basic] Weapon Skills knife [Basic] Spellcasting Skills healing spells [Basic] Final Attributes: You were devoutly aligned. You were poison resistant. You were very stealthy. You are dead. Vanquished creatures: an imp 2 Mordor orcs a rock piercer a gnome lord 2 elf zombies 2 kittens 3 iguanas a jitterbug a giant bat 2 hobbits a large kobold 3 hobgoblins a giant rat 3 cave spiders a gnome 9 garter snakes a gnome zombie 2 jackals a kobold 4 newts 2 goblins 6 sewer rats 4 grid bugs 5 lichens 59 creatures vanquished. Voluntary challenges: You did not adorn yourself with jewelry or accessories. You did not cause conflict. You were not invisible. You did not have reflection. You were not displaced. You used a wielded weapon 162 times, starting on turn 92. You did not use containers. You did not apply a unicorn horn. You did not use plumbed fixtures. You were illiterate. You never genocided any monsters. You never polymorphed an object. You never changed form. You used no wishes. You never split a pudding. You never wrote Elbereth's name. You violated your moral code, losing 1 point of alignment, starting on turn 3208. Dungeon overview: The Dungeons of Doom: levels 1 to 8 Level 1 a fountain a long staircase Level 2 (locked shop + box) an altar to Hermes Level 3 a fountain Level 4 a fountain stairs to The Gnomish Mines Level 5 (locked box) a throne Level 6 an altar to Poseidon Level 7 an altar to Poseidon, a fountain, a sink Level 8 <- You were here many fountains The Gnomish Mines: Level 5 stairs to The Dungeons of Doom History has recorded: On T:1 you entered the Dungeons of Doom to retrieve the Amulet of Yendor! On T:172 you reached level 2 of The Dungeons of Doom. On T:569 you advanced to experience level 2. On T:691 you reached level 3 of The Dungeons of Doom. On T:788 you reached level 4 of The Dungeons of Doom. On T:978 you reached level 5 of The Dungeons of Doom. On T:1176 you advanced to experience level 3. On T:1261 you reached level 1 of The Gnomish Mines. On T:1541 you reached level 6 of The Dungeons of Doom. On T:2391 you advanced to experience level 4. On T:2411 you reached level 7 of The Dungeons of Doom. On T:2497 you reached level 8 of The Dungeons of Doom. On T:2912 you advanced to experience level 5. On T:3227 you prayed to Hermes. Score breakdown: Gold: 1454 ( 145 points) Experience: 5 levels ( 400 points) Exploration: 8 levels ( 210 points) Discoveries: 15 items ( 750 points) Variety of kills: 24 monsters ( 1200 points) Major goal: (nothing yet) ( 0 points) Survival: died (score multiplied by 3) Total score: 8115 Latest messages: You feel better. The dwarf mummy scratches you! You hack the dwarf mummy. The dwarf mummy is lightly wounded. The dwarf mummy scratches you! You slash the dwarf mummy. The dwarf mummy is moderately wounded. The dwarf mummy scratches you! You hack the dwarf mummy. The dwarf mummy is moderately wounded. The dwarf mummy scratches you! You hack the dwarf mummy. The dwarf mummy is moderately wounded. You hack the dwarf mummy. The dwarf mummy is moderately wounded. The dwarf mummy scratches you! You hack the dwarf mummy. The dwarf mummy is moderately wounded. The dwarf mummy scratches you! The sleep ray hits the dwarf mummy. The dwarf mummy is moderately wounded. The sleep ray bounces! The dwarf mummy scratches you! You die... Final status: Goodbye woodfighter the Healer, killed by a dwarf mummy... You died in The Dungeons of Doom on dungeon level 8 with 8115 points, and 3077 pieces of gold, after 3267 moves. You were level 5 with a maximum of 42 hit points when you died.